 Dungeon Crawl Stone Soup version 0.25.0-1-g7eea58d2a3 (webtiles) character file.

Game seed: 13095475189727056052

62 Gwenloh the Insei (level 3, -4/28 HPs)
             Began as a Demigod Transmuter on June 14, 2020.
             Slain by a hippogriff (9 damage)
             ... on level 3 of the Dungeon.
             The game lasted 00:06:28 (2685 turns).

Gwenloh the Insei (Demigod Transmuter)              Turns: 2685, Time: 00:06:29

Health: -4/28      AC:  2    Str: 13    XL:     3   Next: 60%
Magic:  3/8        EV: 13    Int: 19    God:
Gold:   105        SH:  0    Dex: 16    Spells: 3/6 levels left

rFire    . . .     SeeInvis .     - Unarmed
rCold    . . .     Gourm    .   (no shield)
rNeg     . . .     Faith    .   b - +0 robe
rPois    .         Spirit   .   (no helmet)
rElec    .         Reflect  .   (no cloak)
rCorr    .         Harm     .   (no gloves)
MR       .....                  (boots currently unavailable)
Stlth    +.........             (no amulet)
HPRegen  0.09/turn              (no ring)
MPRegen  0.11/turn              (no ring)

@: appendage
A: talons 3, high mp 1
a: End Transformation


You were on level 3 of the Dungeon.
You were not hungry.
You had grown temporary talons.
You visited 1 branch of the dungeon, and saw 3 of its levels.

You collected 105 gold pieces.

Inventory:

Missiles
 a - 28 arrows
 c - 85 stones (quivered)
 q - 25 sling bullets
 r - 21 bolts
Armour
 b - a +0 robe (worn)
Jewellery
 j - an uncursed amulet of reflection {unknown}
Scrolls
 e - 7 scrolls of identify {unknown}
 h - 3 scrolls of remove curse {unknown}
 i - 2 scrolls of fear {unknown}
 n - 2 scrolls of teleportation {unknown}
 o - a scroll of enchant weapon {unknown}
Potions
 f - a potion of lignification {unknown}
 g - a potion of mutation {unknown}
 k - a potion of magic {unknown}
 m - 2 potions of curing {unknown}
 s - a potion of cancellation {unknown}
Comestibles
 d - 4 rations
 l - a chunk of flesh


   Skills:
 + Level 1.5 Fighting
 * Level 2.2 Dodging
 * Level 3.1 Unarmed Combat
 + Level 2.0 Spellcasting
 * Level 2.6 Transmutations


You had 3 spell levels left.
You knew the following spells:

 Your Spells              Type           Power        Failure   Level  Hunger
a - Beastly Appendage     Tmut           ##....       6%          1    #......
b - Sticks to Snakes      Tmut           ##......     9%          2    ###....

Your spell library contained the following spells:

 Spells                   Type           Power        Failure   Level  Hunger
 Spider Form              Tmut/Pois      #.........   30%         3    ###....
 Ice Form                 Ice/Tmut       #.......     69%         4    #####..
 Blade Hands              Tmut           ##........   85%         5    ######.


Dungeon Overview and Level Annotations

Branches:
Dungeon (3/15)


Innate Abilities, Weirdness & Mutations

You have an increased reservoir of magic. (+10% MP)
You have claws for feet.


Message History

Your ball python completely misses the hippogriff.
Casting: Beastly Appendage (safe; 6% risk of failure)
Confirm with . or Enter, or press ? or * to list all spells.
You create a snake!
You now have 28 arrows.
The hippogriff misses you. The hippogriff pecks you.
The hippogriff claws you but does no damage.
Your ball python bites the hippogriff.
You hit the hippogriff. You claw the hippogriff!
The hippogriff is moderately wounded.
The hippogriff looks more healthy.
Your ball python barely misses the hippogriff.
The hippogriff bites you!
* * * LOW HITPOINT WARNING * * *
The hippogriff completely misses you.
The hippogriff claws you but does no damage.
Your ball python bites the hippogriff but does no damage.
Your ball python barely misses the hippogriff.
Your ball python closely misses the hippogriff.
The hippogriff bites you!
You die...

.# .# ### .).
..# .### #.##
.. #<## #.#
#..# .# #.#.#
##.### ##.@.##
#
#.#...H.##(((.
#....SS.....#
###.....###.#
##?..## ##.##
#.# #.# ..#


You could see a hippogriff and 2 friendly ball pythons.

Vanquished Creatures
  An adder (D:2)
  A dart slug (D:3)
  2 leopard geckos (D:2)
  An orc (D:2)
  7 bats
  A goblin (D:3)
  5 hobgoblins
  6 jackals
  A quokka (D:2)
  A ball python (D:1)
  9 frilled lizards
  8 kobolds
  6 rats
49 creatures vanquished.

Notes
Turn   | Place    | Note
-------+----------+-------------------------------------------
     0 | D:1      | Gwenloh the Demigod Transmuter began the quest for the Orb.
     0 | D:1      | Reached XP level 1. HP: 15/15 MP: 5/5
    32 | D:1      | Reached skill level 1 in Fighting
   287 | D:1      | Reached XP level 2. HP: 23/23 MP: 5/7
   401 | D:1      | Learned a level 2 spell: Sticks to Snakes
   562 | D:1      | Reached skill level 3 in Unarmed Combat
  1553 | D:2      | Found an iron altar of Okawaru.
  1566 | D:2      | Reached XP level 3. HP: 19/28 MP: 4/8
  1952 | D:2      | Found an ornate altar of the Wu Jian Council.
  1974 | D:2      | Found a bloodstained altar of Trog.
  2674 | D:3      | Noticed a hippogriff
  2685 | D:3      | Slain by a hippogriff

Illustrated notes

Levels and vault maps discovered:
D:1:      evilmike_arrival_plus, layout_loops_ring
D:2:      layout_loops_ring, lemuel_crystal_altar, overflow_temple_1_default,
          trog_butcher_becter
D:3:      layout_loops_ring, yredelemnul_forgotten_temple_becter,
          ebering_ghost_disaster_area, nemelex_diamond_rough_becter

Skill      XL: |  1  2  3 |
---------------+----------+-----
Fighting       | 1 |  1.5
Dodging        | 2 |  2.2
Transmutations | 2 |  2.6
Unarmed Combat | 3 |  3.1
Spellcasting   | 2 |  2.0

Action                   || total
-------------------------++-------
Melee: Unarmed           ||   162
       Kick              ||    18
       Headbutt          ||    14
Throw: Stone             ||     7
       Dart              ||     2
 Cast: Beastly Appendage ||    34
       Sticks to Snakes  ||     3
 Stab: Sleeping          ||     2
  Eat: Chunk             ||     6
Armor: Robe              ||    34
Dodge: Dodged            ||   117
